 Dungeon Crawl Stone Soup version 0.30-a0-632-g346586fe48 (webtiles) character file.

Game seed: 8358190610066470026

4149 wormed the Cleaver (level 10, 0/88 HPs)
             Began as a Hill Orc Fighter on Jan 13, 2023.
             Was a Priest of Ru.
             Slain by a gnoll
             ... wielding a +0 halberd
             ... led by a gnoll sergeant
              (5 damage)
             ... on level 9 of the Dungeon.
             The game lasted 00:11:46 (8635 turns).

wormed the Cleaver (Hill Orc Fighter)               Turns: 8635, Time: 00:11:47

Health: 0/88       AC: 15    Str: 26    XL:     10   Next: 27%
Magic:  9/9        EV:  8    Int:  8    God:    Ru [***...]
Gold:   438        SH:  6    Dex: 14    Spells: 9/9 levels left

rFire   . . .      SeeInvis +    A - +4 hand axe (freeze)
rCold   . . .      Faith    +    c - +0 buckler
rNeg    . . .      Spirit   .    l - +0 chain mail
rPois   .          Reflect  .    (no helmet)
rElec   .          Harm     .    r - +0 cloak
rCorr   .          Rampage  .    z - +0 pair of gloves
Will    .....                    E - +1 pair of boots Stlth
                                 b - amulet of faith
HPRegen 0.34/turn                m - ring of see invisible
MPRegen 0.11/turn                D - +6 ring of strength

@: mighty
A: low MP 1, screaming 1, no hexes magic, no poison magic, no translocations
magic, unskilled 1
a: Renounce Religion, Draw Out Power


You were on level 9 of the Dungeon.
You worshipped Ru.
Ru was most pleased with you.
You visited 1 branch of the dungeon, and saw 9 of its levels.

You collected 438 gold pieces.

Inventory:

Hand Weapons
 A - a +4 hand axe of freezing (weapon)
Missiles
 q - 36 poisoned darts (quivered)
 F - 2 throwing nets
Armour
 c - a +0 buckler (worn)
 l - a +0 chain mail (worn)
 r - a +0 cloak (worn)
 z - a +0 pair of gloves (worn)
 E - a +1 pair of boots (worn)
Jewellery
 b - an amulet of faith (around neck)
 m - a ring of see invisible (left hand)
 v - a ring of fire
 w - a ring of flight
 D - a +6 ring of strength (right hand)
Wands
 g - a wand of roots (13)
 x - a wand of flame (27)
 G - a wand of paralysis (4)
Scrolls
 e - a scroll of magic mapping
 o - a scroll of enchant weapon
 t - 3 scrolls of poison
 u - 2 scrolls of teleportation
 y - a scroll of vulnerability {unknown}
 C - 2 scrolls of identify
Potions
 d - 2 potions of might
 i - 4 potions of cancellation {unknown}
 j - 4 potions of flight {unknown}
 k - a potion of brilliance {unknown}
 n - 3 potions of degeneration {unknown}
 p - a potion of magic {unknown}
 s - 3 potions of haste {unknown}
 B - 3 potions of mutation {unknown}
 H - 2 potions of ambrosia {unknown}


   Skills:
 + Level 7.9 Fighting
 * Level 11.3 Axes
 + Level 7.1 Armour
 + Level 7.2 Shields


You had 9 spell levels left.
You didn't know any spells.
Your spell library contained the following spells:

 Spells                   Type           Power      Damage    Failure   Level
 Shock                    Conj/Air       0%         1d3       96%         1
 Swiftness                Air            0%         N/A       100%        3
 Airstrike                Air            0%         2d(0-16)  100%        4
 Orb of Destruction       Conj           0%         9d5       100%        7
 Spellforged Servitor     Conj/Summ      0%         N/A       100%        7
 Summon Guardian Golem    Hex/Summ       Unusable   N/A       N/A         3

Dungeon Overview and Level Annotations

Branches:
Dungeon (9/15)             Temple (0/1) D:7
   Lair: D:8-11         Orc: D:9-12

Altars:
Fedhas
Hepliaklqana
Okawaru
Ru
Vehumet
Wu Jian
Xom
Yredelemnul
Zin
The Shining One

Shops:
D:7 =

Annotations:
D:9 2 transporters, wormed's ghost, novice MiBe


Innate Abilities, Weirdness & Mutations

Your magical capacity is low. (-10% MP)
You occasionally shout uncontrollably at your foes.
You cannot study or cast Hexes magic.
You cannot study or cast Poison magic.
You cannot study or cast Translocations magic.
You are somewhat unskilled. (-1 Apt)


Message History

* * * LOW HITPOINT WARNING * * *
You block the gnoll's attack.
You hear a shout!
The orc priest shouts, "Beogh is our master!
Accept the truth or die!"
You slash the gnoll sergeant! You freeze the gnoll sergeant.
You kill the gnoll sergeant!
You feel better.
The gnoll hits you from afar with a +0 halberd.
* * * LOW HITPOINT WARNING * * *
The orc priest shouts, "Join the one true god or die!"
You slash the gnoll! You freeze the gnoll.
You kill the gnoll!
The gnoll throws a throwing net.
The throwing net hits you.
You become entangled in the net!
The orc priest calls down the wrath of Beogh upon you.
You struggle to resist.
You struggle against the net.
The gnoll hits you but does no damage. The howler monkey barely misses you.
You struggle against the net.
The howler monkey hits you but does no damage.
The gnoll hits you but does no damage.
You rip the net and break free!
The howler monkey hits you.
* * * LOW HITPOINT WARNING * * *
The gnoll hits you but does no damage.
The howler monkey hoots and howls with incredible vigour!
The orc priest threatens, "By the altar or by the axe, you will meet Beogh!"
You hit the howler monkey. You freeze the howler monkey.
The howler monkey is moderately wounded.
The gnoll hits you from afar with a +0 halberd!
* * * LOW HITPOINT WARNING * * *
You slash the howler monkey! You freeze the howler monkey.
You kill the howler monkey!
The gnoll closely misses you.
You slash the orc priest! You freeze the orc priest.
The orc priest is almost dead.
You slash the orc priest! You freeze the orc priest.
You kill the orc priest!
The gnoll hits you but does no damage. The gnoll hits you with a +0 halberd.
You die...

.###########.♣#......#
#..## ♣...........♣
#.......# . #....
######.########..#
##.#.. #...#
..............).# ...
#...#
.............#)## #..
#....
####...########.###.#
###.# #...# #..#)##.#
#.. #>..# #.).....#
### #...######
##@######
#............g..#
####...............#
..))...#########.....
.###..##....lWy##...#.
......#8W#..o#.8#...#
..
.##...#y..#.#...#...#
.
.###..#........!#...#.
.##..©#....©...[#©....


You could see a basilisk, a hornet, an orc warrior, wormed's ghost and a gnoll.

Vanquished Creatures
  2 wyverns
  A yak (D:9)
  Edmund (D:5)
  3 wargs (D:9)
  A water moccasin (D:8)
  3 ice beasts
  2 sky beasts
  2 orc warriors (D:9)
  A black bear (D:5)
  2 centaurs (D:8)
  A phantom (D:4)
  2 kobold brigands
  4 bullfrogs
  4 scorpions
  A gnoll sergeant (D:9)
  4 wights (D:6)
  5 howler monkeys
  3 hounds
  5 orc priests
  4 jellies
  Crazy Yiuf (D:2)
  2 gnoll boudas
  4 iguanas
  7 orc wizards
  7 adders
  16 gnolls
  3 white imps (D:7)
  2 worms (D:3)
  A dart slug (D:4)
  23 orcs
  6 ball pythons
  8 bats
  8 endoplasms
  3 giant cockroaches
  6 hobgoblins
  3 quokkas
  A frilled lizard (D:1)
  10 goblins
  17 kobolds
  6 rats
185 creatures vanquished.

Vanquished Creatures (others)
  2 kobold brigands
  A necrophage (D:8)
  Robin (D:2)
  A quokka (D:2)
  2 kobolds
  3 fungi
  A plant (D:9)
11 creatures vanquished.

Grand Total: 196 creatures vanquished

Notes
Turn   | Place    | Note
-------+----------+-------------------------------------------
     0 | D:1      | wormed the Hill Orc Fighter began the quest for the Orb.
     0 | D:1      | Reached XP level 1. HP: 19/19 MP: 1/1
    63 | D:1      | Found a faded altar of an unknown god.
    96 | D:1      | Prayed at the altar of an unknown god.
    96 | D:1      | Became a worshipper of Ru the Awakened
    99 | D:1      | Gained mutation: You cannot study or cast Poison magic. [Ru
                  | sacrifice]
    99 | D:1      | Gained mutation: You cannot study or cast Hexes magic. [Ru
                  | sacrifice]
    99 | D:1      | Gained mutation: You cannot study or cast Translocations
                  | magic. [Ru sacrifice]
    99 | D:1      | Reached * piety under Ru
   153 | D:1      | Reached skill level 3 in Axes
   156 | D:1      | Reached XP level 2. HP: 27/27 MP: 2/2
   708 | D:2      | Reached XP level 3. HP: 27/33 MP: 3/3
   969 | D:2      | Reached skill level 4 in Axes
  1053 | D:2      | Reached XP level 4. HP: 38/40 MP: 4/4
  1080 | D:2      | Found a runed translucent door.
  1081 | D:2      | Noticed Crazy Yiuf
  1128 | D:2      | Noticed Robin
  1147 | D:2      | Killed Robin
  1261 | D:2      | Reached XP level 5. HP: 47/47 MP: 5/5
  2281 | D:3      | Found a glowing silver altar of Zin.
  2282 | D:3      | Gained mutation: You are somewhat unskilled. (-1 Apt) [Ru
                  | sacrifice]
  2282 | D:3      | Reached ** piety under Ru
  2696 | D:4      | Noticed a phantom
  2698 | D:4      | Found a basalt altar of Yredelemnul.
  2710 | D:4      | Killed a phantom
  2711 | D:4      | Reached XP level 6. HP: 41/52 MP: 6/6
  2772 | D:4      | Reached skill level 5 in Axes
  3064 | D:4      | Found a blossoming altar of Fedhas.
  3287 | D:5      | Entered Level 5 of the Dungeon
  3294 | D:5      | Found a glowing golden altar of the Shining One.
  3343 | D:5      | Noticed an ice beast
  3349 | D:5      | Killed an ice beast
  3350 | D:5      | Reached XP level 7. HP: 60/60 MP: 7/7
  3434 | D:5      | Noticed Edmund
  3451 | D:5      | Killed Edmund
  3452 | D:5      | Reached skill level 6 in Axes
  3531 | D:5      | Reached skill level 5 in Fighting
  4415 | D:2      | Killed Crazy Yiuf
  4416 | D:2      | Reached skill level 7 in Axes
  4416 | D:2      | Reached XP level 8. HP: 24/67 MP: 8/8
  4911 | D:6      | Reached skill level 5 in Shields
  4926 | D:6      | Reached skill level 5 in Armour
  4933 | D:6      | Gained mutation: You occasionally shout uncontrollably at
                  | your foes. [Ru sacrifice]
  5252 | D:6      | Reached skill level 8 in Axes
  5601 | D:6      | Found an ornate altar of the Wu Jian Council.
  5602 | D:6      | Found an iron altar of Okawaru.
  6108 | D:7      | Found Boanlun's Jewellery Shoppe.
  6279 | D:7      | Reached XP level 9. HP: 68/78 MP: 9/9
  6358 | D:7      | Reached skill level 9 in Axes
  6395 | D:7      | Found a staircase to the Ecumenical Temple.
  7044 | D:8      | Gained mutation: Your magical capacity is low. (-10% MP)
                  | [Ru sacrifice]
  7044 | D:8      | Reached *** piety under Ru
  7219 | D:8      | Found a hazy altar of Hepliaklqana.
  7220 | D:8      | Found a shimmering altar of Xom.
  7221 | D:8      | Noticed a spectral ugly thing
  7648 | D:8      | Reached skill level 10 in Axes
  7922 | D:8      | Found a radiant altar of Vehumet.
  8077 | D:9      | Noticed a kobold demonologist
  8353 | D:9      | Noticed a hornet
  8355 | D:9      | Noticed wormed's ghost (novice MiBe)
  8357 | D:9      | Found a transporter.
  8442 | D:9      | Reached XP level 10. HP: 75/86 MP: 9/9
  8560 | D:9      | Found a transporter.
  8574 | D:9      | Reached skill level 11 in Axes
  8631 | D:9      | HP: 4/88 [gnoll/+0 halberd[a gnoll sergeant] (13)]
  8635 | D:9      | Slain by a gnoll

Illustrated notes

Levels and vault maps discovered:
D:1:      spicycebolla_arrival_transporter_tutorial, layout_loops_cross,
          shapermc_ecumenical_altar_mp_urbaneastern
D:2:      layout_loops_ring, uniq_robin, uniq_crazy_yiuf_cottage
D:3:      layout_basic, marbit_many_paths, dreamdust_mushroom_princess
D:4:      layout_basic, lemuel_round_altar, mainiacjoe_overflow_small_starburst
D:5:      layout_basic, mainiacjoe_overflow_concentric_impassable,
          amcnicky_mini_corridor_feature, mrwooster_statue_mirror,
          dk_noncrumbling_3, uniq_edmund
D:6:      layout_basic, gammafunk_temple_overflow_wave,
          amcnicky_mini_rare_corridor_liquid
D:7:      layout_loops_cross, minmay_temple_entry_statues_pillars, serial_shops,
          shop_statue
D:8:      layout_loops_cross, regret_index_temple_of_mockery,
          kennysheep_little_box
D:9:      nzn_winding_woodlands_three_and_one
          [nzn_winding_woodlands_5x15_longhouse,
          nzn_winding_woodlands_5x15_pockets,
          nzn_winding_woodlands_5x15_lazy_stream,
          nzn_winding_woodlands_center_lodge], layout_loops_cross,
          erik_lair_orcish_takeover, gammafunk_ghost_arena

Skill      XL: |  1  2  3  4  5  6  7  8  9 10 |
---------------+-------------------------------+-----
Axes           | 3 4 5 7 8 10 11 | 11.3
Fighting       | 4 5 6 7 |  7.9
Shields        | 4 3 4 5 6 7 |  7.2
Armour         | 4 3 4 5 6 7 |  7.1

Action                   |  1- 3 |  4- 6 |  7- 9 | 10-12 || total
-------------------------+-------+-------+-------+-------++-------
Melee: War axe           |    96 |   140 |   134 |       ||   370
       Hand axe          |       |       |   243 |    66 ||   309
Invok: Sacrifice Arcana  |     1 |       |       |       ||     1
       Sacrifice Skill   |       |     1 |       |       ||     1
       Sacrifice Purity  |       |       |     1 |       ||     1
       Sacrifice Essence |       |       |     1 |       ||     1
  Use: Scroll            |       |     8 |     5 |       ||    13
       Potion            |       |       |     8 |     3 ||    11
 Stab: Invisible         |       |       |     1 |     1 ||     2
Armor: Scale mail        |    36 |    34 |       |       ||    70
       Chain mail        |       |    23 |   173 |    26 ||   222
Dodge: Dodged            |    45 |    50 |   106 |    10 ||   211
Block: Buckler           |    16 |    34 |   107 |    14 ||   171

Table legend: (Time is in decaauts)
 A = Elapsed time spent in this place.
 B = Non-inter-level travel time spent in this place.
 C = Inter-level travel time spent in this place.
 D = Time resting spent in this place.
 E = Time spent auto-exploring this place.
 F = Levels seen in this place.
 G = Mean time per level.
                   A        B        C        D        E       F      G
               +--------+--------+--------+--------+--------+-----+--------+
         Total |   8716 |   8143 |    573 |    100 |   6588 |   9 |  968.4 |
       Dungeon |   8716 |   8143 |    573 |    100 |   6588 |   9 |  968.4 |
               +--------+--------+--------+--------+--------+-----+--------+

Top non-repeatable levels by time:
     D:6: 1451 daAuts
     D:2: 1378 daAuts
     D:8: 1187 daAuts
     D:5: 1008 daAuts
     D:7: 908 daAuts
     D:3: 901 daAuts
     D:4: 763 daAuts
     D:1: 709 daAuts
     D:9: 408 daAuts
